[Event "MČR juniorů a juniorek v rapid šachu 2023"]
[Site "Czech Republic"]
[Date "2023.09.24"]
[Round "9.2"]
[White "Prazak, Daniel"]
[Black "Hurtik, Matej"]
[Result "1-0"]
[TimeControl "20 min + 5 sec per move"]
[WhiteFideId "23709456"]
[BlackFideId "397997"]
[WhiteElo "2029"]
[BlackElo "1930"]

1. d4 c5 2. c3 Nf6 3. Nf3 g6 4. h3 cxd4 5. cxd4 Bg7 6. Nc3 O-O 7. Bf4 d6 8. e3 Qb6 9. Qd2 Bf5 10. Be2 Nc6 11. O-O Rfd8 12. d5 Nb4 13. a3 Na6 14. g4 Ne4 15. Nxe4 Bxe4 16. Ng5 Nc5 17. Nxe4 Nxe4 18. Qc2 Nc5 19. Rab1 Rdc8 20. b4 Ne6 21. Qe4 Nxf4 22. Qxf4 Rc2 23. Bc4 Rc8 24. Bb3 Rb2 25. Qe4 a5 26. Rxb2 Bxb2 27. Rb1 Bxa3 28. bxa5 Qc7 29. Qa4 Bc5 30. Qb5 Rb8 31. Bc4 Ba7 32. Bf1 Qc3 33. Qd7 Bxe3 34. Rxb7 Rxb7 35. Qxb7 Bc5 36. Qxe7 Qf3 37. Qe2 Qxd5 38. a6 Qd4 39. Kg2 Kg7 40. Qf3 d5 41.
Be2 Qe5 42. Qd3 h5 43. Qg3 Qf6 44.
gxh5 Qf5 45. hxg6 fxg6 46. Bd3 Qf7 47. Kf1 Qe7 48. Qxg6+ Kf8 49. Qf5+ Ke8 50. Qxd5 Ba7 51. Bc4 Qh4 52.
Qa8+ 1-0

[Event "MČR juniorů a juniorek v rapid šachu 2023"]
[Site "Czech Republic"]
[Date "2023.09.24"]
[Round "9.3"]
[White "Vilimek, Vit"]
[Black "Sulc, Jakub"]
[Result "1-0"]
[TimeControl "20 min + 5 sec per move"]
[WhiteFideId "23718218"]
[BlackFideId "394050"]
[WhiteElo "1898"]
[BlackElo "1920"]

1. e4 e6 2. Nf3 d5 3. e5 c5 4. b4 d4 5. c3 dxc3 6.
bxc5 cxd2+ 7. Bxd2 Bxc5 8. Nc3 Nh6 9. Ne4 Be7 10. Be2 Nf5 11. O-O Nc6 12. Qc1 O-O 13. Rd1 Nfd4 14. Nxd4 Qxd4 15.
Ng3 Bb4 16. Bxb4 Qxb4 17. Qg5 h6 18.
Qe3 Qb6 19. Qe4 Qc5 20. Bd3 g6 21.
Re1 Rd8 22. Rad1 Qd4 23. Bc2 Qxe4 24. Rxd8+ Nxd8 25. Nxe4 b6 26. Rd1 Bb7 27. Nf6+ Kg7 28. f4 Rc8 29. Bb3 Nc6 30. Rd7 Na5 31. Bxe6 Rf8 32. Bb3 a6 33. Re7 Bc8 34.
Ne8+ Kg8 35. Nd6 Nxb3 36. axb3 Be6 37. Rb7 b5 38. b4 Ra8 39. Ne4 Bd5 40. Nf6+ Kg7 41. Nxd5 a5 42. bxa5 Rxa5 43. Nf6 Ra4 44. g3 g5 45. Nd5 Kg6 46. Rb6+ Kf5 47. Rxb5 Ra2 48. Ne3+ Ke4 49. Nf1 gxf4 50.
Rb4+ Kxe5 51. Rxf4 f5 52.
Ne3 Re2 53. Nxf5 Kd5 1-0

[Event "MČR juniorů a juniorek v rapid šachu 2023"]
[Site "Czech Republic"]
[Date "2023.09.24"]
[Round "9.4"]
[White "Jun, Rudolf"]
[Black "Garabik, Marek"]
[Result "1-0"]
[TimeControl "20 min + 5 sec per move"]
[WhiteFideId "376612"]
[BlackFideId "23717742"]
[WhiteElo "2151"]
[BlackElo "1787"]

1. e4 e6 2. d4 d5 3. Nd2 Nc6 4. Ngf3 Nf6 5. Bd3 Be7 6.
O-O O-O 7. c3 dxe4 8. Nxe4 b6 9.
Qc2 h6 10. Nxf6+ Bxf6 11. Qe2 Bb7 12.
Qe4 Re8 13. b3 Kf8 14. Qh7 Ke7 15. Ba3+ Kd7 16. d5 Ne7 17. Bb5+ Kc8 18. Bxe8 Qxe8 19. dxe6 Ng6 20. Nd4 fxe6 21.
Nxe6 Qf7 22. Nf4 Be4 23. f3 Bf5 24. g4 Nh4 25. gxf5 Qe8 26. Ng2 Bxc3 27. Nxh4 Bxa1 28. Rxa1 Qe3+ 29.
Kh1 Qg5 30. Qg8+ Kb7 31. Qd5+ c6 32. Qf7+ Ka6 33. Qc4+ Kb7 34. Rg1 Qf6 35. Rg6 Qa1+ 36. Bc1 Rd8 37. Qxc6+ Kb8 38. Rg1 Qd4 39. Ng2 Rc8 40. Bf4+ Qxf4 41.
Qxc8+ 1-0

[Event "MČR juniorů a juniorek v rapid šachu 2023"]
[Site "Czech Republic"]
[Date "2023.09.24"]
[Round "9.5"]
[White "Steinbauer, Sebastian"]
[Black "Bezdek, Tomas"]
[Result "0-1"]
[TimeControl "20 min + 5 sec per move"]
[WhiteFideId "399272"]
[BlackFideId "23733551"]
[WhiteElo "1880"]
[BlackElo "1933"]

1. e4 e6 2. d4 d5 3. exd5 exd5 4. Bd3 Nf6 5. Nf3 c5 6. c3 c4 7. Bc2 Bd6 8. b3 cxb3 9. Bxb3 O-O 10. O-O Qc7 11. Qd3 Bg4 12. h3 Bh5 13. Re1 Nbd7 14. c4 Bg6 15. Qf1 dxc4 16. Bxc4 Rac8 17. Bb3 Rfe8 18. Rxe8+ Rxe8 19. Bb2 Nb6 20.
Nc3 a6 21. Rc1 Qd7 22. Rd1 Ne4 23. Nxe4 Bxe4 24. Ne5 Bxe5 25. dxe5 Qf5 26. Qe2 Bc6 27. Qe3 Nd7 28. Re1 Nf8 29.
g4 Qd7 30. f4 Qe7 31. f5 Qh4 32. Kh2 Nd7 33. Rf1 Nf6 34. Qf4 h5 35. e6 Nxg4+ 36. Qxg4 hxg4 37. exf7+ Kh7 38. Kg1 Qg3# 0-1

[Event "MČR juniorů a juniorek v rapid šachu 2023"]
[Site "Czech Republic"]
[Date "2023.09.24"]
[Round "9.6"]
[White "Slaby, Matej"]
[Black "Cibulka, Josef"]
[Result "1-0"]
[TimeControl "20 min + 5 sec per move"]
[WhiteFideId "23734876"]
[BlackFideId "23708042"]
[WhiteElo "1922"]
[BlackElo "1922"]

1. e4 c5 2. Nf3 Nc6 3. Bb5 e6 4. Bxc6 bxc6 5. O-O d5 6. d3 Ba6 7. Re1 Nf6 8. e5 Nd7 9. Bg5 Be7 10. Bxe7 Qxe7 11. Nbd2 O-O 12.
c4 Bb7 13. Rc1 f6 14. exf6 Qxf6 15. Qe2 Rae8 16. Nb3 e5 17. Nfd2 Qd6 18. Qe3 d4 19. Qg5 Nf6 20. f4 exf4 21.
Qxc5 Qxc5 22. Nxc5 Bc8 23. Nf3 Rd8 24. Nb3 Bg4 25. Nfxd4 c5 26. Nc6 Rxd3 27. Rc2 f3 28. Nxc5 Rd6 29.
Ne5 fxg2 30. Nxg4 Nxg4 31. Rxg2 Nf6 32. Ne6 Rf7 33. c5 Ra6 34. c6 Nd5 35. Rd2 Ra5 36. c7 Nxc7 37. Rd8+ 1-0

[Event "MČR juniorů a juniorek v rapid šachu 2023"]
[Site "Czech Republic"]
[Date "2023.09.24"]
[Round "9.7"]
[White "Dobsa, Emma"]
[Black "Hlavina, Matous"]
[Result "0-1"]
[TimeControl "20 min + 5 sec per move"]
[WhiteFideId "23709391"]
[BlackFideId "386650"]
[WhiteElo "1480"]
[BlackElo "2005"]

1. e4 e6 2. d4 d5 3. Bd3 c5 4. exd5 exd5 5. dxc5 Bxc5 6. Nf3 Nf6 7. O-O O-O 8. Bg5 Bg4 9.
Nc3 Nc6 10. Bxf6 Qxf6 11. Nxd5 Qxb2 12. Bxh7+ Kh8 13. Be4 f5 14. Bd3 Rad8 15. Nf4 Ne5 16. Ne6 Qb6 17. Nxf8 Bxf3 18. gxf3 Rxf8 19. Qe2 Qh6 20. Rfd1 Ng6 21.
Qe6 Qg5+ 22. Kf1 Nf4 23. Qc4 Qg2+ 0-1

[Event "MČR juniorů a juniorek v rapid šachu 2023"]
[Site "Czech Republic"]
[Date "2023.09.24"]
[Round "9.8"]
[White "Dolensky, Filip"]
[Black "Mikolas, Petr"]
[Result "1-0"]
[TimeControl "20 min + 5 sec per move"]
[WhiteFideId "399000"]
[BlackFideId "23713224"]
[WhiteElo "1942"]
[BlackElo "1514"]

1. e4 c5 2. c3 Nf6 3. e5 Nd5 4. Nf3 d6 5. d4 cxd4 6.
cxd4 Nc6 7. Bc4 Nb6 8. Bb3 Bg4 9.
Bxf7+ Kxf7 10. Ng5+ Ke8 11. Qxg4 dxe5 12. Nxh7 Qxd4 13. Qg6+ Kd8 14. O-O Qh4 15. Rd1+ Kc7 16. Nc3 a6 17. Ng5 Qxh2+ 18. Kf1 Qh1+ 19. Ke2 Qh5+ 20. Qxh5 Rxh5 21. Ne6+ Kb8 22. g4 Rh8 23. Be3 Nc4 24. Rh1 Rg8 25.
Rad1 Nd4+ 26. Nxd4 exd4 27. Rxd4 Nd6 28. Rhd1 b5 29. Ne4 g6 30. Bf4 Bg7 31. R4d2 Ka7 32. Nxd6 exd6 33. Be3+ Kb7 34. Rxd6 Bxb2 35.
Rd7+ Kc8 36. Bf4 Re8+ 37. Kf3 Be5 38. Bxe5 Rxe5 39. Rd8+ Kb7 40. R1d7+ Kc6 41. Rd6+ Kc5 42. Rxa8 Kxd6 43. Rxa6+ Kc5 44. Rxg6 Rd5 45. Ra6 Rg5 46. Kg3 1-0

[Event "MČR juniorů a juniorek v rapid šachu 2023"]
[Site "Czech Republic"]
[Date "2023.09.24"]
[Round "9.9"]
[White "Simunek, Jakub Simon"]
[Black "Strnadova, Monika"]
[Result "1-0"]
[TimeControl "20 min + 5 sec per move"]
[WhiteFideId "23709464"]
[BlackFideId "23701668"]
[WhiteElo "1843"]
[BlackElo "1728"]

1. e4 c5 2. Nf3 Nc6 3. Bb5 e6 4. c3 Nge7 5. O-O a6 6. Ba4 b5 7. Bc2 g6 8. d4 cxd4 9. cxd4 Bg7 10. Nc3 O-O 11. a3 d5 12. e5 Bd7 13. Bf4 a5 14.
Qd2 Rb8 15. Ne2 b4 16. Ng3 b3 17. Bb1 a4 18. Bh6 Na5 19. Bxg7 Kxg7 20. Qg5 h6 21. Nh5+ Kh7 22. Qf6 Rg8 23. Qxf7+ Kh8 24. Qf6+ Kh7 25. Qh4 Nf5 26. Nf6+ Kg7 27.
Bxf5 exf5 28. Rac1 Nc4 29. Qg3 Rf8 30. h4 Rb6 31. Nxd5 Ra6 32. Rxc4 Bb5 33. Rc7+ 1-0

[Event "MČR juniorů a juniorek v rapid šachu 2023"]
[Site "Czech Republic"]
[Date "2023.09.24"]
[Round "9.10"]
[White "Mrkvan, Frantisek"]
[Black "Svacina, Tobias"]
[Result "0-1"]
[TimeControl "20 min + 5 sec per move"]
[WhiteFideId "23721626"]
[BlackFideId "385859"]
[WhiteElo "1601"]
[BlackElo "1782"]

1. e4 e5 2. Nf3 Nc6 3. Bc4 Nf6 4. Ng5 d5 5. exd5 Na5 6. Bb5+ c6 7. dxc6 bxc6 8. Bd3 Nd5 9. Nf3 Bd6 10. O-O O-O 11. Nc3 f5 12. Be2 e4 13. Nd4 Qf6 14. Nb3 Qe5 15.
g3 Nxb3 16. axb3 f4 17. Nxe4 Qxe4 18. Bf3 Qg6 19. Kh1 Bh3 20. Rg1 fxg3 21. fxg3 Rxf3 22. Qxf3 Rf8 23. Qd3 Bf5 24. Qe2 Bg4 25. Qe1 Bf3+ 26. Rg2 Nf4 0-1

[Event "MČR juniorů a juniorek v rapid šachu 2023"]
[Site "Czech Republic"]
[Date "2023.09.24"]
[Round "9.11"]
[White "Nagy, Ladislav"]
[Black "Boff, Vojtech"]
[Result "1-0"]
[TimeControl "20 min + 5 sec per move"]
[WhiteFideId "374300"]
[BlackFideId "23733969"]
[WhiteElo "2089"]
[BlackElo "1632"]

1. e4 c5 2. Nf3 Nc6 3. Nc3 d6 4. Bb5 Bd7 5. Bxc6 Bxc6 6. d4 cxd4 7. Qxd4 Nf6 8. Bg5 e5 9. Qd3 Be7 10.
Bxf6 Bxf6 11. Rd1 Be7 12. Nd5 Bxd5 13. Qxd5 Qc7 14. O-O O-O 15. c3 Qc6 16. Rd3 Qxd5 17. Rxd5 Rad8 18. Rfd1 a6 19. Nd2 b5 20. c4 Rb8 21.
b3 Rfd8 22. g3 Bg5 23. f4 Bf6 24. cxb5 Rxb5 25. Nc4 Rxd5 26. Rxd5 exf4 27. gxf4 Be7 28. Kf2 Kf8 29. Ke3 Ke8 30.
Ra5 Ra8 31. Kd4 Kd7 32. Nb6+ 1-0

[Event "MČR juniorů a juniorek v rapid šachu 2023"]
[Site "Czech Republic"]
[Date "2023.09.24"]
[Round "9.12"]
[White "Stejskal, Michal"]
[Black "Zadrapa, Jakub"]
[Result "1/2-1/2"]
[TimeControl "20 min + 5 sec per move"]
[WhiteFideId "398195"]
[BlackFideId "23714778"]
[WhiteElo "1959"]
[BlackElo "1696"]

1. e4 e5 2. Nf3 Nc6 3. c3 Nf6 4. d4 Nxe4 5. d5 Ne7 6. Nxe5 Ng6 7. Bd3 Nc5 8. Bxg6 hxg6 9. O-O d6 10. Nf3 Bg4 11.
Re1+ Be7 12. b4 Nd7 13. Bg5 f6 14. Bf4 Ne5 15. Bxe5 fxe5 16. Qd3 Bf5 17. Qe3 Bf6 18. Nbd2 Qe7 19. a4 g5 20. Ne4 g4 21.
Nfd2 a6 22. c4 Kf7 23. b5 b6 24. a5 bxa5 25. b6 cxb6 26. Qxb6 Rhd8 27. Rxa5 Bg5 28. Rxa6 Bxd2 29. Nxd2 Rab8 30.
Qa5 Rd7 31. Qa3 Qg5 32. Nf1 Qd8 33. Ne3 g6 34. Nxf5 gxf5 35. Qd3 Qg5 36. Qa3 Qd2 37. Ra1 Qc2 38. Qc1 Rb2 39. Qf1 Ke7 40. Rc1 Qb3 41. c5 Qxd5 42.
cxd6+ Rxd6 43. Rxd6 Qxd6 44. Qc4 Rd2 45. Rf1 Rd5 46. Qc8 Rd1 47. Qb7+ Kf6 48. g3 Rxf1+ 49. Kxf1 Qd1+ 50. Kg2 e4 51. Qc6+ Kg5 52. Qc3 Qf3+ 53. Qxf3 exf3+ 54. Kf1 Kf6 55. Ke1 Ke5 56. Kd1 Kd5 57.
Ke1 Ke4 58. Kd2 Kd4 59. Kc2 Ke5 1/2-1/2

[Event "MČR juniorů a juniorek v rapid šachu 2023"]
[Site "Czech Republic"]
[Date "2023.09.24"]
[Round "9.13"]
[White "Janouskova, Adela"]
[Black "Pavlis, Matej"]
[Result "0-1"]
[TimeControl "20 min + 5 sec per move"]
[WhiteFideId "23709804"]
[BlackFideId "23735767"]
[WhiteElo "1442"]
[BlackElo "1771"]

1. e4 c6 2. d4 d5 3. e5 c5 4.
c3 Nc6 5. Nf3 Bg4 6. Be2 e6 7. Be3 Nge7 8. Na3 Nf5 9. Nc2 Be7 10. O-O O-O 11. h3 Bxf3 12. Bxf3 Qb6 13. b3 Qa5 14.
Qd3 Rac8 15. g4 Nh4 16. Bh1 cxd4 17. cxd4 Rc7 18. f4 Rfc8 19. Rf2 Nb4 20. Nxb4 Qxb4 21. Bd2 Qb6 22. Raf1 Bb4 23. Bxb4 Qxb4 24. Qg3 Ng6 25. f5 Rc3 26. Qh2 Nf8 27.
fxe6 Nxe6 28. Bxd5 Qxd4 29. Bxb7 Rd8 30. Bg2 Ng5 31. Kh1 Ne4 32. Bxe4 Qxe4+ 33. Qg2 Qxe5 34. Rf5 Qe6 35. Qb7 Rxh3+ 36. Kg2 Rhd3 37. Rxf7 Rd2+ 38. R7f2 Qxg4+ 39. Kh1 Rxf2 40. Rxf2 Qh3+ 41. Kg1 Rd1+ 42.
Rf1 Rxf1# 0-1

[Event "MČR juniorů a juniorek v rapid šachu 2023"]
[Site "Czech Republic"]
[Date "2023.09.24"]
[Round "9.14"]
[White "Husa, Daniel"]
[Black "Zadrapova, Amalie"]
[Result "1-0"]
[TimeControl "20 min + 5 sec per move"]
[WhiteFideId "393487"]
[BlackFideId "23710276"]
[WhiteElo "1760"]
[BlackElo "1590"]

1. d4 Nf6 2. c4 g6 3. g3 Bg7 4. Bg2 O-O 5. Nc3 d6 6. Nf3 Nbd7 7. O-O c5 8. e4 Rb8 9. h3 cxd4 10. Nxd4 Ne5 11. Qe2 a6 12.
Be3 Qc7 13. b3 b5 14. f4 Ned7 15. Nd5 Nxd5 16. cxd5 Nc5 17. Rac1 b4 18. Nc6 Rb5 19. e5 Bb7 20. Rfd1 Qd7 21.
Rc4 Rc8 22. Rdc1 e6 23. Nxb4 exd5 24. Nxd5 Bxd5 25. Bxd5 dxe5 26. Qg2 exf4 27. Bxf4 Rd8 28. Bc6 Bd4+ 29. Kh2 Qe7 30. Bxb5 axb5 31. R4c2 Nd3 32. Rf1 Nb4 33.
Rd2 Nc6 34. Rfd1 Bf6 35. Qxc6 Rxd2+ 36. Rxd2 g5 37. Qc8+ Kg7 38. Qg4 h6 39. h4 Kh7 40. hxg5 hxg5 41. Rd5 Kg6 42. Qf5+ Kh6 43. Bxg5+ Bxg5 44. Qxg5+ 1-0

[Event "MČR juniorů a juniorek v rapid šachu 2023"]
[Site "Czech Republic"]
[Date "2023.09.24"]
[Round "9.15"]
[White "Mrazek, Adam"]
[Black "Hruby, Filip"]
[Result "1/2-1/2"]
[TimeControl "20 min + 5 sec per move"]
[WhiteFideId "23725010"]
[BlackFideId "23721480"]
[WhiteElo "1753"]
[BlackElo "1460"]

1. c4 c6 2. g3 Nf6 3. Bg2 d5 4. Nf3 Bg4 5.
O-O e6 6. cxd5 cxd5 7. Nc3 Nc6 8. d3 a6 9. Qb3 Qc8 10. e4 dxe4 11. dxe4 e5 12. Nd5 Nd7 13. Be3 Bc5 14. Bxc5 Nxc5 15. Qb6 Ne6 16. Rac1 Bxf3 17.
Bxf3 Rb8 18. Bg4 Qd8 19. Bxe6 Qxb6 20. Bxf7+ Kxf7 21. Nxb6 Rbd8 22. Rfd1 Rxd1+ 23. Rxd1 Rd8 24. Rxd8 Nxd8 25. f4 exf4 26. gxf4 Ne6 27. Nd5 Nc5 28. Nc3 Nd3 29.
f5 Nxb2 30. Kf2 Kf6 31. Ke3 Ke5 32. Ne2 Nc4+ 33. Kd3 b5 34. Ng1 Nd6 35. Nf3+ Kf4 36. Nd2 Nc4 37. Nb3 Nb2+ 38. Kd4 Na4 39. Na5 Kg5 40. Nc6 Nb6 41. Nb4 a5 42. Nc6 a4 43. Kc5 Nd7+ 44. Kxb5 Kf4 45.
Kxa4 Kxe4 46. Ne7 Ke5 47. Kb5 Kf6 48. Nc6 Kxf5 49. a4 Nf6 50. a5 Ne8 51. Kb6 Nd6 52. a6 Ke6 53. Kc7 Nb5+ 54.
Kb6 Nd6 55. Nd4 Kd7 56. Ka7 Kc8 57. h3 h5 58. Ne6 g6 59.
Kb6 Kd7 60. Nc5+ Kd8 61. Kc6 Nc8 62. Ne6+ Ke7 63. Nf4 Kf6 64. Kb7 Nd6+ 65. Kc7 Nb5+ 66. Kb6 Nd6 67. Nd5 Ke5 68. Ne7 Nc4+ 69. Kc7 Nd6 70. Nxg6+ Kd5 71.
Nf4+ Kc5 72. Nxh5 Nb5+ 73. Kb7 Nd6+ 74. Kc7 Nb5+ 75. Kd7 Kb6 76. Nf6 Nd4 77. Ke7 Kxa6 78. Kf7 Nf3 79. Kg6 Kb7 80. Kf5 Nh4+ 81. Kg4 Ng6 82.
Kg5 Ne5 83. Kf5 Nf3 84. Kg4 Ne5+ 85.
Kf5 Nf3 86. Kg4 Ne5+ 87. Kf5 Nf3 88. Ke4 1/2-1/2

[Event "MČR juniorů a juniorek v rapid šachu 2023"]
[Site "Czech Republic"]
[Date "2023.09.24"]
[Round "9.16"]
[White "Tegda, Vojtech"]
[Black "Hosova, Sandra"]
[Result "0-1"]
[TimeControl "20 min + 5 sec per move"]
[WhiteFideId "23723424"]
[BlackFideId "397717"]
[WhiteElo "1959"]
[BlackElo "1682"]

1. e4 c5 2. c4 Nc6 3. Ne2 g6 4. d4 cxd4 5. Nxd4 Bg7 6. Be3 Nf6 7. Nc3 Ng4 8. Qxg4 Nxd4 9. Qd1 e5 10.
Be2 d6 11. O-O O-O 12. f4 f5 13. exf5 Nxf5 14. Qd5+ Kh8 15. Bd2 Qh4 16. Ne4 Nd4 17. Bf3 Be6 18. Qxb7 Bxc4 19. Rf2 Rab8 20.
Qc7 Bd5 21. Ng5 Nxf3+ 22. Nxf3 Bxf3 23. Rxf3 Rxb2 24. Be1 Qg4 25. Rg3 Qxf4 26. Qxd6 Qf1# 0-1

[Event "MČR juniorů a juniorek v rapid šachu 2023"]
[Site "Czech Republic"]
[Date "2023.09.24"]
[Round "9.17"]
[White "Pejrimovsky, Tadeas Rubel"]
[Black "Rucabado, Stefan"]
[Result "0-1"]
[TimeControl "20 min + 5 sec per move"]
[WhiteFideId "23709537"]
[BlackFideId "23730315"]
[WhiteElo "1679"]
[BlackElo "1782"]

1. e4 c5 2. b4 cxb4 3. a3 bxa3 4. Bxa3 Nc6 5. d4 d6 6.
c3 Nf6 7. Bd3 g6 8. f4 Bg7 9. Nf3 O-O 10. O-O Bg4 11. h3 Bxf3 12.
Qxf3 Rc8 13. Nd2 a6 14. e5 dxe5 15. fxe5 Nd5 16. Ne4 Nxc3 17. Nxc3 Qxd4+ 18. Kh1 Qxc3 19. Qe2 Nxe5 20. Be4 Nc6 21. Bxc6 Rxc6 22. Qxe7 Rc7 23. Qh4 Rfc8 24. Bd6 Qc6 25.
Rad1 Rd7 26. Ba3 Rxd1 27. Rxd1 Bf6 28. Qf4 Qe6 29. Qf2 Bg7 30. Rf1 b5 31. Qa7 h5 32. Bb4 Qc4 33. Rb1 Be5 34.
Qe3 Bf4 35. Qe7 Bc1 36. Bd6 Qf1+ 37. Kh2 Bf4+ 38. Bxf4 Qxf4+ 39. Kh1 Rc1+ 40. Rxc1 Qxc1+ 41. Kh2 Qf4+ 42. Kh1 b4 43. Qd8+ Kg7 44. Qa5 Qc4 45. Qa1+ Kh7 46. Qf6 a5 47. Kh2 a4 48.
g4 a3 49. gxh5 Qc2+ 50. Kg1 Qb1+ 0-1

[Event "MČR juniorů a juniorek v rapid šachu 2023"]
[Site "Czech Republic"]
[Date "2023.09.24"]
[Round "9.18"]
[White "Rybackova, Lucie"]
[Black "Rybacek, Martin"]
[Result "1/2-1/2"]
[TimeControl "20 min + 5 sec per move"]
[WhiteFideId "23739207"]
[BlackFideId "23739266"]
[WhiteElo "1768"]
[BlackElo "1755"]

1. b3 d5 2. e3 Nf6 3. Nf3 g6 4. Bb2 Bg7 5. d3 O-O 6. Be2 Bf5 7. Nbd2 c6 8. O-O Nbd7 9. Ne5 a5 10.
f4 Nxe5 11. Bxe5 Qb6 12. d4 a4 13. g4 Bd7 14. g5 Ne8 15. Bxg7 Nxg7 1/2-1/2

[Event "MČR juniorů a juniorek v rapid šachu 2023"]
[Site "Czech Republic"]
[Date "2023.09.24"]
[Round "9.19"]
[White "Jun, Robert"]
[Black "Nagyova, Daniela"]
[Result "0-1"]
[TimeControl "20 min + 5 sec per move"]
[WhiteFideId "23709510"]
[BlackFideId "390070"]
[WhiteElo "1340"]
[BlackElo "1762"]

1. e4 e5 2. Nf3 Nc6 3. Bb5 f5 4. d3 fxe4 5. dxe4 Nf6 6. O-O Bc5 7. c4 d6 8. Nc3 O-O 9.
Bg5 Bg4 10. Bxc6 bxc6 11. h3 Bh5 12.
a3 Qc8 13. b4 Bd4 14. Qd3 Bxc3 15. Qxc3 Nxe4 16. Qe3 Nxg5 17. Nxg5 h6 18. Ne4 Qe6 19. Qc3 Rf4 20. Nd2 Raf8 21.
c5 d5 22. Rae1 e4 23. Re3 Qf7 24. f3 exf3 25. gxf3 d4 0-1

[Event "MČR juniorů a juniorek v rapid šachu 2023"]
[Site "Czech Republic"]
[Date "2023.09.24"]
[Round "9.20"]
[White "Merinsky, Vaclav"]
[Black "Dvorak, Jan"]
[Result "0-1"]
[TimeControl "20 min + 5 sec per move"]
[WhiteFideId "390062"]
[BlackFideId "23730722"]
[WhiteElo "1869"]
[BlackElo "1624"]

1. e4 e6 2. Nf3 d5 3. d3 Nf6 4. Nc3 c5 5. Bf4 Nc6 6. Qd2 a6 7. Be2 Be7 8. O-O O-O 9. exd5 exd5 10.
d4 Ne4 0-1

[Event "MČR juniorů a juniorek v rapid šachu 2023"]
[Site "Czech Republic"]
[Date "2023.09.24"]
[Round "9.21"]
[White "Housa, Jan"]
[Black "Martinkovic, Adam"]
[Result "1-0"]
[TimeControl "20 min + 5 sec per move"]
[WhiteFideId "23736356"]
[BlackFideId "23728019"]
[WhiteElo "1439"]
[BlackElo "1807"]

1. d4 c5 2. d5 e5 3. c4 d6 4.
e4 f5 5.
Nc3 Nf6 6. Bg5 Be7 7. Bxf6 Bxf6 8. exf5 Bxf5 9. Bd3 Bxd3 10. Qxd3 O-O 11. Nf3 Nd7 12. Ne4 Qa5+ 13. Kd1 Qb6 14.
b3 h6 15. h4 a5 16. Neg5 hxg5 17. hxg5 Kf7 18. Qf5 Rae8 19. Qxd7+ Re7 20. Qf5 Qc7 21. gxf6 gxf6 22. Ng5+ Ke8 23. Ne6 Qd7 24. Qg6+ Ref7 25.
Nxf8 Kxf8 26. Rh8+ Ke7 27. Qxf7+ 1-0

[Event "MČR juniorů a juniorek v rapid šachu 2023"]
[Site "Czech Republic"]
[Date "2023.09.24"]
[Round "9.22"]
[White "Stastna, Martina"]
[Black "Stary, Simon"]
[Result "1-0"]
[TimeControl "20 min + 5 sec per move"]
[WhiteFideId "385123"]
[BlackFideId "23734353"]
[WhiteElo "1725"]
[BlackElo "1518"]

1. e4 c5 2. Nf3 d6 3. Bb5+ Bd7 4. Bxd7+ Nxd7 5. O-O Ngf6 6. Re1 g6 7. c3 Bg7 8. d4 cxd4 9. cxd4 d5 10. e5 Ne4 11. Nc3 Nxc3 12. bxc3 Rc8 13. Qb3 Nb6 14. Bf4 e6 15. Rac1 Qd7 16. Rc2 Nc4 17. Rb1 b6 18. a4 O-O 19. Nd2 Rc6 20. Nxc4 Rxc4 21. Qb5 Qxb5 22. axb5 Rfc8 23. Ra2 Rxc3 24. Rxa7 f6 25. g3 fxe5 26. dxe5 Rd8 27. Rb7 d4 28. Rxb6 d3 29. Rd6 Rb8 30.
b6 Kf7 31. Rd7+ Kf8 32. Ra7 Rc6 33. b7 Rc7 34. Ra8 1-0

[Event "MČR juniorů a juniorek v rapid šachu 2023"]
[Site "Czech Republic"]
[Date "2023.09.24"]
[Round "9.23"]
[White "Jun, Rostislav"]
[Black "Novotny, Dominik"]
[Result "0-1"]
[TimeControl "20 min + 5 sec per move"]
[WhiteFideId "23719524"]
[BlackFideId "23755601"]
[WhiteElo "1317"]
[BlackElo "1707"]

1. e4 c6 2. d4 d5 3. exd5 cxd5 4. c4 Nf6 5. Nc3 g6 6. Nf3 Bg7 7. Be2 O-O 8. O-O Nc6 9. Be3 Bf5 10.
a3 Rc8 11. Rc1 Kh8 12. h3 a6 13. Qd2 dxc4 14. Bxc4 Nxd4 15. Nxd4 Rxc4 16. Nxf5 gxf5 17. Rcd1 Qxd2 18. Rxd2 Rc7 19.
Rfd1 h5 20. Kf1 Ne4 21. Nxe4 fxe4 22. a4 Rfc8 23. Ke2 Rc2 24. Rb1 f5 25. b3 Kh7 26. h4 e5 27. g3 Bh6 28. Rbd1 f4 29.
Rxc2 Rxc2+ 30. Bd2 e3 31. gxf4 Rxd2+ 32. Rxd2 exd2 33. Kxd2 Bxf4+ 34. Kc3 Kg6 35. Kc4 e4 36. Kc5 Bc7 37.
b4 Kf5 38. Kd4 Kf4 39. b5 axb5 40. axb5 Bb6+ 41. Kc3 Bxf2 0-1

[Event "MČR juniorů a juniorek v rapid šachu 2023"]
[Site "Czech Republic"]
[Date "2023.09.24"]
[Round "9.24"]
[White "Pejrimovska, Viola Ruby"]
[Black "Pistej, Tomas"]
[Result "1-0"]
[TimeControl "20 min + 5 sec per move"]
[WhiteFideId "23709529"]
[BlackFideId "23750740"]
[WhiteElo "1581"]
[BlackElo "1640"]

1. e4 e5 2. Nf3 Nc6 3. d4 exd4 4. Nxd4 Nf6 5. Nxc6 bxc6 6. e5 Nd5 7. c4 Nb6 8. a3 Ba6 9. b3 d5 10.
exd6 cxd6 11. Bb2 Qg5 12. g3 Be7 13. Bg2 d5 14. O-O O-O 15. Re1 Bf6 16. Nc3 Rad8 17. Qc2 dxc4 18. Ne4 Qh6 19.
Nxf6+ gxf6 20. Re4 cxb3 21. Rg4+ Kh8 22. Qf5 Rd6 23. Be4 Bc8 24. Qf4 Qxf4 25. Rxf4 Nd7 26. Rh4 Ne5 27. Rxh7+ Kg8 28.
Bxe5 fxe5 29. Rh5 f6 30. Rb1 Be6 31. f4 Rb8 32. fxe5 fxe5 33. Rxe5 b2 34. Rg5+ Kf7 35. Rf1+ Ke7 36.
Rg7+ Kd8 37. Rf8# 1-0

[Event "MČR juniorů a juniorek v rapid šachu 2023"]
[Site "Czech Republic"]
[Date "2023.09.24"]
[Round "9.25"]
[White "Housa, Vojtech"]
[Black "Havelkova, Beata"]
[Result "0-1"]
[TimeControl "20 min + 5 sec per move"]
[WhiteFideId "23736364"]
[BlackFideId "23709405"]
[WhiteElo "1539"]
[BlackElo "1494"]

1. b3 Nf6 2. Bb2 g6 3.
e3 Bg7 4. f4 d5 5. Nf3 Bf5 6. a4 a6 7. Be2 Nc6 8. Nh4 Bd7 9. O-O e5 10. fxe5 Ne4 11. Nf3 Ng5 12. Nc3 Nxe5 13.
Nxg5 Qxg5 14. Nxd5 O-O-O 15. Rb1 Bc6 16. Nf4 h5 17. g3 h4 18. g4 h3 19. Nd3 Rxd3 20. cxd3 Rh4 21. Bxe5 Bxe5 22. Rxf7 Bd6 23. Rf2 Bg2 24. b4 Qe5 25. Rf4 g5 26. d4 Qe6 27.
Rf5 Be4 28. Rxg5 0-1

[Event "MČR juniorů a juniorek v rapid šachu 2023"]
[Site "Czech Republic"]
[Date "2023.09.24"]
[Round "9.26"]
[White "Beran, Jakub"]
[Black "Stara, Zuzana"]
[Result "1-0"]
[TimeControl "20 min + 5 sec per move"]
[WhiteFideId "23727071"]
[BlackFideId "23733543"]
[WhiteElo "1645"]
[BlackElo "1377"]

1. c4 e6 2. Nc3 d5 3. cxd5 exd5 4. d4 Nf6 5.
Bg5 Be7 6. Nf3 Nbd7 7. e3 O-O 8. Bd3 c5 9. dxc5 Nxc5 10. h3 Be6 11. O-O Rc8 12. Rc1 a6 13. a3 b5 14. b4 Nb7 15.
Nd4 Nd6 16. a4 a5 17. bxa5 b4 18. Ncb5 Nc4 19. a6 Qb6 20. a7 Bd7 21. Rb1 Ra8 22. Qe2 Rfc8 23. Rfc1 Ne5 24. e4 Nxd3 25.
Qxd3 dxe4 26. Qe2 Nd5 27. Bxe7 Nxe7 28. Qxe4 Ng6 29. Rxc8+ Rxc8 30. a8=Q 1-0

[Event "MČR juniorů a juniorek v rapid šachu 2023"]
[Site "Czech Republic"]
[Date "2023.09.24"]
[Round "9.27"]
[White "Boff, Ondrej"]
[Black "Nikolinko, Tomas"]
[Result "1-0"]
[TimeControl "20 min + 5 sec per move"]
[WhiteFideId "23733950"]
[BlackFideId "389749"]
[WhiteElo "1486"]
[BlackElo "1327"]

1. e4 c5 2. Nf3 Nc6 3. Bb5 Nf6 4. Nc3 d5 5. exd5 Nxd5 6. Bxc6+ bxc6 7. O-O Ba6 8. d3 g6 9. Re1 Bg7 10.
Ne4 c4 11. d4 O-O 12. c3 f5 13. Nc5 Bc8 14. Ng5 Re8 15. Nge6 Bxe6 16. Nxe6 Qd6 17. Bg5 h6 18. Bd2 Rab8 19.
Rb1 g5 20. Qh5 Nc7 21. Qg6 Nxe6 22. Rxe6 Qd5 23. h4 f4 24. hxg5 Qxg5 25. Qxg5 hxg5 26. Rxc6 Rec8 27. Rxc8+ Rxc8 28.
b3 cxb3 29. axb3 Kf7 30. Kf1 e5 31. d5 e4 32. c4 Rb8 33. b4 a5 34. b5 a4 35. Bb4 Bd4 36. Ba3 Rc8 37. Rb4 Bc5 38.
Rxa4 Bxa3 39. Rxa3 Rxc4 40. Rb3 Rc8 41. b6 Rb8 42. Ke2 Ke7 43. Kd2 Kd6 44. Rb5 g4 45. g3 fxg3 46. fxg3 Rb7 47.
Ke2 Ke5 48. Ke3 Rb8 49. b7 Kd6 50. Kxe4 Kc7 51. Ke5 Kd7 52. Kf5 Kc7 53. Kxg4 Rxb7 54. Rxb7+ Kxb7 55. Kf5 1-0